 Dungeon Crawl Stone Soup version 0.30-a0-159-g068b764562 (webtiles) character file.

Game seed: 18190696006228497416

259 Flugkiller the Conjurer (level 6, 0/34 (63) HPs)
             Began as an Ogre Reaver on Sept 27, 2022.
             Killed from afar by Blork the orc (3 damage)
             ... with a puff of frost
             ... on level 4 of the Dungeon.
             The game lasted 00:03:30 (3906 turns).

Flugkiller the Conjurer (Ogre Reaver)               Turns: 3906, Time: 00:03:30

HP:   0/34 (63)     AC:  3    Str: 17    XL:     6   Next: 17%
MP:   7/12          EV:  9    Int: 16    God:
Gold: 149           SH:  0    Dex:  7    Spells: 10/13 levels left

rFire   . . .      SeeInvis .    q - +7 Throatcutter {drain, coup de grace}
rCold   . . .      Faith    .    (no shield)
rNeg    . . .      Spirit   .    b - +0 robe
rPois   .          Reflect  .    (helmet restricted)
rElec   .          Harm     .    (no cloak)
rCorr   .          Rampage  .    (gloves unavailable)
Will    .....                    (boots unavailable)
Stlth   +.........               (no amulet)
HPRegen 0.11/turn                p - +4 ring of protection
MPRegen 0.13/turn                (no ring)

@: corroded, earthbound, very heavily drained
A: large, unfitting armour, tough skin 1
a: no special abilities


You were on level 4 of the Dungeon.
You visited 1 branch of the dungeon, and saw 4 of its levels.

You collected 149 gold pieces.

Inventory:

Hand Weapons
 k - the +8 mace of Yeast {antimagic, rElec rN+ Str-5}
   (You found it on level 4 of the Dungeon)

   It reduces the magical energy of the wielder, and disrupts the spells and
   magical abilities of those it strikes.
   Natural abilities and divine invocations are not affected.
   Str:       It affects your strength (-5).
   rElec:     It insulates you from electricity.
   rN:        It protects you from negative energy.
 q - the +7 Throatcutter (weapon) {drain, coup de grace}
   (You found it on level 2 of the Dungeon)

   A truly terrible weapon, it drains the life of any living foe it strikes.
   It may instantly kill foes which have little health.
Missiles
 j - 3 silver javelins
Armour
 b - a +0 robe (worn)
Magical Staves
 r - a staff of cold
   (You found it on level 2 of the Dungeon)
Jewellery
 p - a +4 ring of protection (left hand)
   (You found it on level 1 of the Dungeon)
Wands
 e - a wand of roots (4)
   (You took it off Robin on level 3 of the Dungeon)
 n - a wand of quicksilver (6)
   (You took it off a hobgoblin on level 3 of the Dungeon)
Scrolls
 a - a scroll of silence {unknown}
 c - 2 scrolls of teleportation
 f - 2 scrolls of fog {unknown}
 g - 2 scrolls of poison {unknown}
 o - a scroll of blinking {unknown}
 t - a scroll of amnesia {unknown}
 u - a scroll of vulnerability {unknown}
 v - a scroll of noise {unknown}
 w - a scroll of identify {unknown}
Potions
 d - a potion of might
 h - 4 potions of lignification {unknown}
 i - 2 potions of mutation {unknown}
 l - 2 potions of attraction {unknown}
 m - a potion of brilliance
 s - a potion of flight {unknown}


   Skills:
 + Level 4.6 Fighting
 - Level 2.6 Maces & Flails
 - Level 1.7 Dodging
 + Level 4.0 Spellcasting
 * Level 4.7 Conjurations


You had 10 spell levels left.
You knew the following spells:

 Your Spells              Type           Power      Damage    Failure   Level
a - Kiss of Death         Conj/Necr      40%        2d8       6%          1
b - Volcanic Tap          Conj/Fire/Erth 16%        3d8       13%         2

Your spell library contained the following spells:

 Spells                   Type           Power      Damage    Failure   Level
 Hailstorm                Conj/Ice       10%        3d5       19%         3
 Sublimation of Blood     Necr           3%         N/A       26%         2
 Wereblood                Tmut           3%         N/A       26%         2
 Summon Hydra             Summ           1%         N/A       100%        7


Dungeon Overview and Level Annotations

Branches:
Dungeon (4/15) Zot: 20041
 Temple: D:4-7

Altars:

Annotations:
D:3 Ijyb
D:4 2 transporters, Blork the orc


Innate Abilities, Weirdness & Mutations

You are too large for most types of armour.
You have tough skin. (AC +1)


Message History

Confirm with . or Enter, or press ? or * to list all spells.
Aiming: Kiss of Death (safe; 7% risk of failure)
Press: ? - help, Shift-Dir - straight line, f - endoplasm
Aim: an endoplasm (100% to hit)
The negative energy hits the endoplasm.
The endoplasm is drained!
You kill the endoplasm!
You feel drained.
Unknown command.
You start resting.
Magic restored.
There is a stone staircase leading down here.
A goblin comes into view. It is wielding a +0 club.
A goblin is nearby!
A goblin is nearby!
The goblin shouts!
You closely miss the goblin. The goblin completely misses you.
You hit the goblin. You drain the goblin.
You kill the goblin!
No target in view!
You pick up a book of Blood and begin reading...
You add the spells Sublimation of Blood, Wereblood and Summon Hydra to your library.
You now have 149 gold pieces (gained 8).
Found a transporter.
The iron imp shouts, "Get thee hence, thou bootless dismal-dreaming mule!"
You hear a shout!
Found a transporter.
HP restored.
There is a transporter here.
A jelly comes into view.
The jelly quivers.
A hound comes into view.
Found a knobbly glowing staff.
The hound barks!
You hear a shout!
Blork the orc comes into view.
He is wielding a +0 dire flail and wearing a +2 robe of cold resistance.
The jelly jiggles.
The jelly hits you but does no damage.
You hit the jelly but do no damage. You drain the jelly. The acid corrodes you!
Your hands burn!
The jelly is moderately wounded.
The jelly barely misses you. The hound bites you.
The jelly hits you but does no damage.
You slash the jelly! You drain the jelly.
You kill the jelly!
The hound bites you. The hound bites you but does no damage.
You have reached level 6!
You feel stronger.
Casting: Kiss of Death (safe; 6% risk of failure)
Confirm with . or Enter, or press ? or * to list all spells.
Aiming: Volcanic Tap (safe; 14% risk of failure)
Press: ? - help, Dir - move target, f - hound
Aim: a hound (56% to hit)
The spray of magma hits the hound!
You are fixed to the earth.
The hound bites you but does no damage.
Blork the orc screams, "I'll crush all your ribs!
One by one!"
The hound closely misses you.
You barely miss the hound.
The hound is heavily wounded.
The hound bites you but does no damage.
Blork the orc casts a spell.
Blork the orc seems to speed up.
The hound closely misses you.
You slash the hound!
You kill the hound!
Blork the orc casts a spell at you. The puff of flame hits you.
Your Spellcasting skill increases to level 4!
Casting: Volcanic Tap (safe; 13% risk of failure)
Confirm with . or Enter, or press ? or * to list all spells.
You are already bound to the earth.
Unknown command.
You hit Blork the orc. You drain Blork the orc.
Blork the orc is lightly wounded.
You are no longer bound to the earth.
Blork the orc hits you with a +0 dire flail!
Blork the orc barely misses you.
You barely miss Blork the orc.
Blork the orc is lightly wounded.
Blork the orc hits you with a +0 dire flail!
Blork the orc barely misses you.
Casting: Volcanic Tap (safe; 13% risk of failure)
Confirm with . or Enter, or press ? or * to list all spells.
Aiming: Volcanic Tap (safe; 13% risk of failure)
Press: ? - help, Dir - move target, f - Blork the orc
Aim: Blork the orc, wielding a +0 dire flail and wearing a +2 robe of cold resistance (lightly wounded, fast, heavily drained, 72% to hit)
The spray of magma hits Blork the orc!
You are fixed to the earth.
Blork the orc gestures at you while chanting.
The puff of flame hits you!
* * * LOW HITPOINT WARNING * * *
Unknown command.
Okay, then.
Casting: Volcanic Tap (safe; 13% risk of failure)
Confirm with . or Enter, or press ? or * to list all spells.
Aiming: Kiss of Death (safe; 6% risk of failure)
Press: ? - help, Shift-Dir - straight line, f/p - Blork the orc
Aim: Blork the orc, wielding a +0 dire flail and wearing a +2 robe of cold resistance (severely wounded, fast, heavily drained, 100% to hit)
The negative energy hits Blork the orc.
Blork the orc is drained!
Blork the orc is almost dead.
You feel drained. Blork the orc closely misses you.
Blork the orc casts a spell at you. The puff of frost hits you.
You die...

.....|.
........
....... ######
.....# .....
#...##...#
#..#... #
#....#..# #
##..@o...# #.
#...##...# ..
#...# .....
#.^#.##..# .##.
©#. ....?9#©.#
# #..#
.###.##..###..#
.x. .
^#.##........#
.. ###
#..#....###.##
#.
..##...##...#


You could see Blork the orc (fast, very drained).

Vanquished Creatures
  A hound (D:4)
  An orc priest (D:3)
  A jelly (D:4)
  Jessica (D:3)
  An iguana (D:4)
  Robin (D:3)
  4 adders
  2 worms
  3 dart slugs (D:2)
  3 orcs (D:3)
  7 endoplasms
  2 giant cockroaches (D:1)
  6 goblins
  10 hobgoblins
  5 jackals
  3 quokkas
  5 ball pythons
  5 bats
  4 frilled lizards
  5 kobolds
  4 rats
74 creatures vanquished.

Vanquished Creatures (others)
  A goblin (D:3)
  15 plants (D:4)
16 creatures vanquished.

Grand Total: 90 creatures vanquished

Notes
Turn   | Place    | Note
-------+----------+-------------------------------------------
     0 | D:1      | Flugkiller the Ogre Reaver began the quest for the Orb.
     0 | D:1      | Reached XP level 1. HP: 22/22 MP: 3/3
   242 | D:1      | Reached XP level 2. HP: 17/31 MP: 3/5
   914 | D:2      | You fall into a shaft and drop 2 floors!
   918 | D:4      | Identified the +8 mace of Yeast {antimagic, rElec rN+
                  | Str-5}
   977 | D:3      | Reached XP level 3. HP: 37/37 MP: 2/7
   985 | D:3      | Reached XP level 4. HP: 29/43 MP: 1/8
  1088 | D:3      | Learned a level 2 spell: Volcanic Tap
  1110 | D:3      | Noticed Robin
  1133 | D:3      | Killed Robin
  1903 | D:2      | Found the +7 Throatcutter {drain, coup de grace}
  2020 | D:2      | Reached XP level 5. HP: 37/38 MP: 10/10
  3057 | D:3      | Noticed Jessica
  3063 | D:3      | Killed Jessica
  3289 | D:3      | Noticed Ijyb
  3779 | D:3      | Found a faded altar of an unknown god.
  3865 | D:4      | Noticed a small abomination
  3882 | D:4      | Found a transporter.
  3886 | D:4      | Found a transporter.
  3892 | D:4      | Noticed a toenail golem
  3894 | D:4      | Noticed a kobold brigand
  3897 | D:4      | Noticed Blork the orc
  3900 | D:4      | Reached XP level 6. HP: 31/42 MP: 11/11
  3906 | D:4      | Killed from afar by Blork the orc

Illustrated notes

Levels and vault maps discovered:
D:1:      ncdulo_lavacross, layout_loops_ring, minmay_ruptured
D:2:      minmay_inner_zag, layout_basic
D:3:      layout_basic, hellmonk_ecumenical_altar_slurped_away, uniq_ijyb,
          uniq_jessica, uniq_robin
D:4:      layout_loops_ring, gammafunk_ghost_abyssal_escape,
          minmay_shop_grid_forest, serial_bayou_lagoon_b, uniq_blork_the_orc,
          uniq_eustachio

Skill      XL: |  1  2  3  4  5  6 |
---------------+-------------------+-----
Fighting       | 3 4 |  4.6
Conjurations   | 3 4 |  4.7
Spellcasting   | 3 4 |  4.0
Maces & Flails | |  2.6
Dodging        | |  1.7

Action                   |  1- 3 |  4- 6 || total
-------------------------+-------+-------++-------
Melee: Mace              |    51 |    50 ||   101
       Long sword        |       |    65 ||    65
       Punch             |       |     1 ||     1
 Cast: Kiss of Death     |     1 |     5 ||     6
       Volcanic Tap      |       |     3 ||     3
  Use: Potion            |       |     2 ||     2
Armor: Robe              |    18 |    69 ||    87
Dodge: Dodged            |    14 |    77 ||    91

Table legend: (Time is in decaauts)
 A = Elapsed time spent in this place.
 B = Non-inter-level travel time spent in this place.
 C = Inter-level travel time spent in this place.
 D = Time resting spent in this place.
 E = Time spent auto-exploring this place.
 F = Levels seen in this place.
 G = Mean time per level.
                   A        B        C        D        E       F      G
               +--------+--------+--------+--------+--------+-----+--------+
         Total |   3957 |   3807 |    150 |   1228 |   1925 |   4 |  989.2 |
       Dungeon |   3957 |   3807 |    150 |   1228 |   1925 |   4 |  989.2 |
               +--------+--------+--------+--------+--------+-----+--------+

Top non-repeatable levels by time:
     D:3: 1608 daAuts
     D:2: 1308 daAuts
     D:1: 905 daAuts
     D:4: 136 daAuts
